 Dungeon Crawl Stone Soup version 0.28.0-45-g0d030f2227 (webtiles) character file.

Game seed: 16822792795541617914

64 Peloso the Covered (level 3, 0/33 HPs)
             Began as a Minotaur Fighter on Apr 3, 2022.
             Succumbed to a goblin's poison
             ... on level 2 of the Dungeon.
             The game lasted 00:02:05 (1519 turns).

Peloso the Covered (Minotaur Fighter)               Turns: 1519, Time: 00:02:06

Health: 0/33       AC:  8    Str: 20    XL:     3   Next: 91%
Magic:  2/2        EV:  9    Int:  5    God:
Gold:   18         SH:  4    Dex: 11    Spells: 2/2 levels left

rFire   . . .      SeeInvis .   a - +0 long sword
rCold   . . .      Faith    .   c - +0 buckler
rNeg    . . .      Spirit   .   b - +1 scale mail
rPois   .          Reflect  .   (helmet restricted)
rElec   .          Harm     .   (no cloak)
rCorr   .          Rampage  .   (no gloves)
Will    .....                   (no boots)
Stlth   ..........              (no amulet)
HPRegen 0.11/turn               (no ring)
MPRegen 0.08/turn               (no ring)

@: lethally poisoned (0 -> -3)
A: horns 2, retaliatory headbutt
a: no special abilities


You were on level 2 of the Dungeon.
You visited 1 branch of the dungeon, and saw 2 of its levels.

You collected 18 gold pieces.

Inventory:

Hand Weapons
 a - a +0 long sword (weapon)
Armour
 b - a +1 scale mail (worn)
 c - a +0 buckler (worn)
Potions
 d - a potion of might
 f - a potion of flight


   Skills:
 + Level 3.9 Fighting
 + Level 3.6 Long Blades
 + Level 4.4 Armour
 + Level 0.7 Dodging
 + Level 4.0 Shields


You had 2 spell levels left.
You didn't know any spells.
Your spell library was empty.

Dungeon Overview and Level Annotations

Branches:
Dungeon (2/15)

Altars:


Innate Abilities, Weirdness & Mutations

You have a pair of horns on your head.
You reflexively headbutt those who attack you in melee.


Message History

You feel very sick. The goblin completely misses you.
The goblin hits you with a +0 dagger of venom.
You are more poisoned.
You block the goblin's attack.
You completely miss the goblin. Your headbutt misses the goblin.
You feel very sick. The goblin hits you but does no damage.
You are more poisoned.
You block the goblin's attack. The goblin hits you but does no damage.
You closely miss the goblin.
You feel very sick. The goblin hits you but does no damage.
The goblin barely misses you.
You barely miss the goblin. Your headbutt misses the goblin.
You feel very sick. The goblin hits you with a +0 dagger.
The goblin closely misses you. You furiously retaliate!
You headbutt the goblin. You hit the goblin.
You kill the goblin!
* * * LOW HITPOINT WARNING * * *
You feel very sick. The goblin hits you but does no damage.
The goblin barely misses you.
Unknown command.
You closely miss the goblin.
* * * LOW HITPOINT WARNING * * *
You feel sick. The goblin hits you with a +0 dagger.
* * * LOW HITPOINT WARNING * * *
You slash the goblin!
You kill the goblin!
* * * LOW HITPOINT WARNING * * *
You feel sick.
Okay, then.
* * * LOW HITPOINT WARNING * * *
You feel sick.
Things that are here:
a +0 dagger; a hobgoblin skeleton
* * * LOW HITPOINT WARNING * * *
You feel sick.
You see here a +0 dagger of venom.
You die...

#. . .##
..##
#..####
##.....##
#.≈≈≈...+
#))≈.≈..#
#@.≈.≈..#
#).....##
#.#...##
#.##..#
#.# ..#
#.. ..#
### .##


There were no monsters in sight!

Vanquished Creatures
  Robin (D:1)
  An adder (D:1)
  A bat (D:1)
  2 endoplasms (D:1)
  3 giant cockroaches (D:1)
  7 hobgoblins
  2 jackals (D:1)
  3 kobolds (D:1)
  2 ball pythons (D:1)
  3 frilled lizards (D:1)
  11 goblins
  3 rats (D:1)
39 creatures vanquished.

Notes
Turn   | Place    | Note
-------+----------+-------------------------------------------
     0 | D:1      | Peloso the Minotaur Fighter began the quest for the Orb.
     0 | D:1      | Reached XP level 1. HP: 19/19 MP: 0/0
   188 | D:1      | Reached XP level 2. HP: 8/27 MP: 1/1
  1076 | D:2      | Noticed Robin
  1083 | D:1      | Killed Robin
  1084 | D:1      | Reached XP level 3. HP: 21/33 MP: 2/2
  1518 | D:2      | HP: 1/33 [poisoned by a goblin]
  1519 | D:2      | Succumbed to a goblin's poison

Illustrated notes

Levels and vault maps discovered:
D:1:      dpeg_arrival_simpleton_b, layout_basic
D:2:      layout_loops_corners, serial_shops, nicolae_shop_hallway_plus,
          chequers_ecumenical_altar_grove, serial_rivers,
          chequers_serial_rivers_micro_c, chequers_serial_rivers_large_a,
          chequers_serial_rivers_micro_c, chequers_serial_rivers_large_b,
          uniq_robin

Skill      XL: |  1  2 |
---------------+-------+-----
Long Blades    | 3 |  3.6
Armour         | 4 |  4.4
Shields        | 4 |  4.0
Fighting       | |  3.9
Dodging        | |  0.7

Action                   || total
-------------------------++-------
Melee: Long sword        ||    95
       Headbutt          ||    13
  Use: Scroll            ||     3
Armor: Scale mail        ||    73
Dodge: Dodged            ||    82
Block: Buckler           ||    27
